 Dungeon Crawl Stone Soup version 0.30-a0-920-g7493c07aab (webtiles) character file.

Game seed: 6997225091299450588

369 Strat the Cudgeller (level 6, -2/38 HPs)
             Began as a Gargoyle Reaver on Mar 21, 2023.
             Slain by a killer bee (8 damage)
             ... on level 4 of the Dungeon.
             The game lasted 00:10:19 (2772 turns).

Strat the Cudgeller (Gargoyle Reaver)               Turns: 2772, Time: 00:10:20

Health: -2/38      AC: 11    Str: 18    XL:     6   Next: 70%
Magic:  4/9        EV: 11    Int: 13    God:
Gold:   142        SH:  0    Dex:  8    Spells: 3/9 levels left

rFire   . . .      SeeInvis .    a - +0 mace
rCold   . . .      Faith    .    (no shield)
rNeg    + . .      Spirit   .    b - +0 leather armour
rPois   ∞          Reflect  .    o - +0 helmet
rElec   +          Rampage  .    q - +2 cloak
rCorr   .                        (no gloves)
Will    .....                    (no boots)
Stlth   +                        (no amulet)
HPRegen 0.26/turn                i - ring of wizardry
MPRegen 0.11/turn                (no ring)

@: weak-willed, attractive, flying, hasted, very quick
A: sickness immunity, AC +4, negative energy resistance 1, electricity
resistance, torment resistance 1, petrification resistance
a: no special abilities


You were on level 4 of the Dungeon.
You visited 1 branch of the dungeon, and saw 4 of its levels.

You collected 142 gold pieces.

Inventory:

Hand Weapons
 a - a +0 mace (weapon)
Armour
 b - a +0 leather armour (worn)
 o - a +0 helmet (worn)
 p - a +0 kite shield
 q - a +2 cloak (worn)
Jewellery
 i - a ring of wizardry (left hand)
Scrolls
 d - 3 scrolls of immolation
 h - 2 scrolls of teleportation {unknown}
 j - 4 scrolls of identify {unknown}
 k - a scroll of enchant armour {unknown}
 m - a scroll of blinking {unknown}
 n - 4 scrolls of enchant weapon {unknown}
 r - a scroll of fear {unknown}
 t - a scroll of amnesia {unknown}
Potions
 f - 2 potions of attraction
 s - a potion of might {unknown}
 u - a potion of lignification {unknown}
 v - a potion of ambrosia {unknown}


   Skills:
 + Level 4.1 Fighting
 + Level 6.0 Maces & Flails
 - Level 1.5 Dodging
 - Level 2.0 Spellcasting
 - Level 4.0 Conjurations
 - Level 1.0 Translocations


You had 3 spell levels left.
You knew the following spells:

 Your Spells              Type           Power      Damage    Failure   Level
a - Kiss of Death         Conj/Necr      24%        2d7       5%          1
b - Momentum Strike       Conj/Tloc      14%        3d8       6%          2
c - Hailstorm             Conj/Ice       6%         3d4       16%         3

Your spell library contained the following spells:

 Spells                   Type           Power      Damage    Failure   Level
 Gell's Gravitas          Tloc           3%         N/A       24%         3
 Teleport Other           Tloc           3%         N/A       24%         3
 Dispersal                Tloc           1%         N/A       100%        6


Dungeon Overview and Level Annotations

Branches:
Dungeon (4/15)
 Temple: D:4-7

Altars:
Gozag
Kikubaaqudgha
Trog

Annotations:
D:3 1 runed translucent door, Palms's ghost, amateur GrMo


Innate Abilities, Weirdness & Mutations

You are immune to sickness and miasma.
Your stone body is resilient. (AC +4)
You are immune to poison.
You resist negative energy. (rN+)
You are resistant to electric shocks. (rElec)
You are resistant to unholy torment.
You are immune to petrification.


Message History

The killer bee completely misses you.
It was a potion of attraction.
You feel attractive to monsters.
The killer bee stings you but does no damage. x2
It was a potion of flight.
You feel very buoyant.
You fly up into the air.
The killer bee stings you but does no damage. x2
It was a potion of haste.
You feel yourself speed up. The killer bee barely misses you.
The killer bee stings you but does no damage.
You hit the killer bee.
The killer bee is almost dead.
The killer bee stings you but does no damage.
You hit the killer bee.
You kill the killer bee!
The killer bee stings you but does no damage.
Your Fighting skill increases to level 4!
Your Maces & Flails skill increases to level 6!
You barely miss the killer bee. The killer bee barely misses you.
You barely miss the killer bee. The killer bee closely misses you.
You closely miss the killer bee.
The killer bee stings you but does no damage.
The killer bee misses you.
You hit the killer bee.
The killer bee is lightly wounded.
The killer bee stings you but does no damage.
You hit the killer bee but do no damage.
The killer bee is lightly wounded.
The killer bee stings you.
* * * LOW HITPOINT WARNING * * *
The killer bee closely misses you.
You hit the killer bee.
The killer bee is heavily wounded.
The killer bee stings you.
* * * LOW HITPOINT WARNING * * *
You barely miss the killer bee.
The killer bee is heavily wounded.
The killer bee stings you!
You die...

### ..# #. #.# #.# #.#
########.# #@#
#........###y#####
#.#<.......†y....#
#....####........#
#.......†........#
#................#
..#.........##.##.....
......................
....#.....#.....#.#####


You could see 2 killer bees.

Vanquished Creatures
  2 killer bees (D:4)
  2 vampire bats (D:3)
  Crazy Yiuf (D:2)
  A hound (D:3)
  Robin (D:2)
  5 adders
  A dart slug (D:2)
  An orc (D:2)
  4 bat skeletons (D:3)
  2 bat zombies (D:3)
  4 endoplasms
  5 giant cockroaches
  13 goblins
  11 hobgoblins
  2 jackals (D:1)
  9 kobolds
  3 quokkas
  5 ball pythons
  7 bats
  A frilled lizard (D:1)
  2 rats
82 creatures vanquished.

Vanquished Creatures (others)
  2 plants (D:4)
2 creatures vanquished.

Grand Total: 84 creatures vanquished

Notes
Turn   | Place    | Note
-------+----------+-------------------------------------------
     0 | D:1      | Strat the Gargoyle Reaver began the quest for the Orb.
     0 | D:1      | Reached XP level 1. HP: 12/12 MP: 3/3
   172 | D:1      | Reached XP level 2. HP: 13/17 MP: 5/5
   181 | D:1      | Learned a level 2 spell: Momentum Strike
   484 | D:1      | Reached XP level 3. HP: 20/21 MP: 6/6
   907 | D:2      | Noticed Robin
   937 | D:2      | Killed Robin
   938 | D:2      | Reached skill level 4 in Maces & Flails
   938 | D:2      | Reached skill level 1 in Translocations
   939 | D:2      | HP: 1/21 [goblin/+0 dagger[Robin] (5)]
  1057 | D:2      | Found a runed translucent door.
  1058 | D:2      | Noticed Crazy Yiuf
  1099 | D:2      | Reached XP level 4. HP: 24/26 MP: 7/7
  1131 | D:2      | Learned a level 3 spell: Hailstorm
  1812 | D:2      | Killed Crazy Yiuf
  1813 | D:2      | Reached skill level 5 in Maces & Flails
  1813 | D:2      | Reached XP level 5. HP: 25/28 MP: 4/8
  1907 | D:3      | Found a runed translucent door.
  1909 | D:3      | Noticed Palms's ghost (amateur GrMo)
  2099 | D:3      | Found an ancient bone altar of Kikubaaqudgha.
  2107 | D:3      | Reached XP level 6. HP: 37/37 MP: 9/9
  2167 | D:3      | Found a bloodstained altar of Trog.
  2636 | D:3      | Found an opulent altar of Gozag.
  2766 | D:4      | Reached skill level 6 in Maces & Flails
  2772 | D:4      | Slain by a killer bee

Illustrated notes

Levels and vault maps discovered:
D:1:      dpeg_arrival_leaves_temple_mockup, layout_loops_ring
D:2:      layout_loops_ring, nrook_loot_triangle, minmay_pentomino_p4,
          uniq_robin, uniq_crazy_yiuf_cottage
D:3:      layout_basic, trog_book, kennysheep_vampire_church,
          general_overflow_altar, ebering_ghost_inner_flame, minivault_25
D:4:      layout_basic, amcnicky_altar_gilded, chequers_big_river, uniq_natasha

Skill      XL: |  1  2  3  4  5  6 |
---------------+-------------------+-----
Maces & Flails | 4 5 6 |  6.0
Translocations | 1 |  1.0
Conjurations   | 4 |  4.0
Fighting       | 3 4 |  4.1
Dodging        | |  1.5
Spellcasting   | |  2.0

Action                     |  1- 3 |  4- 6 || total
---------------------------+-------+-------++-------
  Melee: Mace              |   136 |   206 ||   342
         Punch             |       |     4 ||     4
   Cast: Momentum Strike   |     3 |     1 ||     4
         Kiss of Death     |       |     1 ||     1
         Hailstorm         |       |     2 ||     2
    Use: Potion            |     2 |     4 ||     6
         Scroll            |       |     1 ||     1
 Armour: Leather armour    |    71 |   185 ||   256
  Dodge: Dodged            |   100 |   202 ||   302

Table legend: (Time is in decaauts)
 A = Elapsed time spent in this place.
 B = Non-inter-level travel time spent in this place.
 C = Inter-level travel time spent in this place.
 D = Time resting spent in this place.
 E = Time spent auto-exploring this place.
 F = Levels seen in this place.
 G = Mean time per level.
                   A        B        C        D        E       F      G
               +--------+--------+--------+--------+--------+-----+--------+
         Total |   2824 |   2737 |     87 |     74 |   1833 |   4 |  706.0 |
       Dungeon |   2824 |   2737 |     87 |     74 |   1833 |   4 |  706.0 |
               +--------+--------+--------+--------+--------+-----+--------+

Top non-repeatable levels by time:
     D:1: 995 daAuts
     D:2: 949 daAuts
     D:3: 788 daAuts
     D:4: 91 daAuts
